 Dungeon Crawl Stone Soup version 0.20.0-7-g3b7b877 (webtiles) character file.

114 IcyS the Poker (level 4, -10/31 HPs)
             Began as an Octopode Fighter on May 29, 2017.
             Mangled by an ogre
             ... wielding a +0 giant spiked club
              (21 damage)
             ... on level 4 of the Dungeon.
             The game lasted 00:05:38 (2253 turns).

IcyS the Poker (Octopode Fighter)                   Turns: 2253, Time: 00:05:39

Health: -10/31     AC:  1    Str: 15    XL:     4   Next: 97%
Magic:  4/4        EV: 11    Int: 10    God:
Gold:   105        SH:  8    Dex: 12    Spells: 3/3 levels left

rFire    . . .     SeeInvis .   a - +0 trident
rCold    . . .     Gourm    .   b - +0 shield
rNeg     . . .     Faith    .   (helmet restricted)
rPois    .         Spirit   .   (no amulet)
rElec    .         Reflect  .   (no ring)
rCorr    .         Harm     .   (no ring)
MR       .....                  (no ring)
Stlth    ++........             (no ring)
Regen    0.1/turn               (no ring)
MPRegen  0.1/turn               (no ring)
                                (no ring)
                                (no ring)

@: no status effects
A: almost no armour, stealthy swim, amphibious, 8 rings, constrict 8, camouflage
1, gelatinous body 1
a: no special abilities


You were on level 4 of the Dungeon.
You were not hungry.

You visited 1 branch of the dungeon, and saw 4 of its levels.

You collected 105 gold pieces.

Inventory:

Hand Weapons
 a - a +0 trident (weapon)
Armour
 b - a +0 shield (worn)
Scrolls
 e - 7 scrolls of remove curse {unknown}
 f - a scroll of fear {unknown}
 g - a scroll of recharging {unknown}
 k - a scroll of fog {unknown}
 l - a scroll of amnesia {unknown}
 m - a scroll of teleportation {unknown}
 p - 4 scrolls of identify {unknown}
 q - a scroll of enchant weapon {unknown}
Potions
 c - a potion of might
 h - a potion of berserk rage {unknown}
 i - a potion of flight {unknown}
 n - 2 potions of curing {unknown}
 o - a potion of brilliance {unknown}
Comestibles
 d - 2 bread rations
 j - 2 meat rations
 r - 2 chunks of flesh


   Skills:
 - Level 3.0 Fighting
 + Level 5.0 Polearms
 - Level 3.0 Dodging
 - Level 3.0 Shields


You had 3 spell levels left.
You didn't know any spells.

Dungeon Overview and Level Annotations

Branches:
Dungeon (4/15)
 Temple: D:4-7

Altars:
Dithmenos
Fedhas
Gozag
Okawaru
Yredelemnul
Zin


Innate Abilities, Weirdness & Mutations

You cannot wear most types of armour.
You are very stealthy in the water. (Stealth+)
You are amphibious.
You can wear up to eight rings at the same time.
You can use your tentacles to constrict eight enemies at once.
Your skin changes colour to match your surroundings (Stealth+).
Your rubbery body absorbs attacks. (AC +1, EV +1)


Message History

You puncture the ogre!
The ogre is moderately wounded.
You closely miss the ogre. Your squeeze misses the ogre.
The ogre is moderately wounded.
The ogre barely misses you.
Your shield prevents you from hitting the ogre.
The ogre is moderately wounded.
You puncture the ogre!
The ogre is severely wounded.
You block the ogre's attack.
You puncture the ogre!
The ogre is almost dead.
The ogre hits you with a giant spiked club!
Ouch! That really hurt!
You are too injured to fight recklessly!
You barely miss the ogre.
The ogre is almost dead.
The ogre hits you with a giant spiked club!!
Ouch! That really hurt!
You die...

#. #. #.
####.#####
#........#
#........#
#........####
#...O@.......
#........####
#.....<..#
##########


You could see an ogre.

Vanquished Creatures
  Crazy Yiuf (D:2)
  3 adders
  An ooze (D:1)
  2 worms
  A leopard gecko (D:1)
  A bat (D:3)
  4 giant cockroaches
  6 goblins
  8 hobgoblins
  3 quokkas
  A ball python (D:3)
  7 frilled lizards
  3 kobolds
  5 rats
46 creatures vanquished.

Notes
Turn   | Place    | Note
-------+----------+-------------------------------------------
     0 | D:1      | IcyS the Octopode Fighter began the quest for the Orb.
     0 | D:1      | Reached XP level 1. HP: 16/16 MP: 1/1
   130 | D:1      | Reached XP level 2. HP: 21/21 MP: 2/2
   353 | D:1      | Reached skill level 3 in Polearms
   662 | D:1      | Reached XP level 3. HP: 26/26 MP: 3/3
   856 | D:2      | Found an iron altar of Okawaru.
   962 | D:2      | Reached skill level 4 in Polearms
  1217 | D:2      | Reached XP level 4. HP: 31/31 MP: 4/4
  1349 | D:2      | Found a runed door.
  1353 | D:2      | Noticed Crazy Yiuf
  1359 | D:2      | Killed Crazy Yiuf
  1750 | D:3      | Found a blossoming altar of Fedhas.
  2075 | D:3      | Noticed a sky beast
  2226 | D:3      | Found an opulent altar of Gozag.
  2228 | D:3      | Found a shadowy altar of Dithmenos.
  2228 | D:3      | Found a glowing silver altar of Zin.
  2229 | D:3      | Found a basalt altar of Yredelemnul.
  2233 | D:3      | Reached skill level 5 in Polearms
  2247 | D:4      | Noticed an ogre
  2253 | D:4      | Mangled by an ogre

Skill      XL: |  1  2  3  4 |
---------------+-------------+-----
Polearms       | 3 4 5 |  5.0
Fighting       | |  3.0
Dodging        | |  3.0
Shields        | |  3.0

Action                   |  1- 3 |  4- 6 || total
-------------------------+-------+-------++-------
Melee: Trident           |    67 |    52 ||   119
       Constrict         |    16 |     8 ||    24
       Tentacles         |    12 |     3 ||    15
 Stab: Sleeping          |     9 |     3 ||    12
       Distracted        |     1 |       ||     1
  Eat: Chunk             |     1 |     3 ||     4
Armor: Skin              |     2 |     3 ||     5
Dodge: Dodged            |    13 |    15 ||    28
Block: Shield            |     7 |    16 ||    23
